 Dungeon Crawl Stone Soup version 0.19.5 (webtiles) character file.

119 Azzok the Skirmisher (level 4, -11/42 HPs)
             Began as a Centaur Fighter on June 1, 2017.
             Was an Initiate of Okawaru.
             Mangled by Sigmund
             ... wielding a +0 scythe
              (12 damage)
             ... on level 4 of the Dungeon.
             The game lasted 00:05:42 (2673 turns).

Azzok the Skirmisher (Centaur Fighter)              Turns: 2673, Time: 00:05:43

Health: -11/42     AC:  7    Str: 19    XL:     4   Next: 73%
Magic:  4/4        EV:  3    Int:  7    God:    Okawaru [......]
Gold:   140        SH:  0    Dex:  9    Spells: 0 memorised, 3 levels left

rFire  . . .     SeeInvis .     a - +0 long sword
rCold  . . .     Gourm    .     n - +0 chain mail
rNeg   . . .     Faith    .     c - +0 shield
rPois  .         Spirit   .     (no helmet)
rElec  .         Reflect  .     (no cloak)
rCorr  .         Harm     .     (no gloves)
MR     .....                    (no barding)
Stlth  ..........               (no amulet)
                                (no ring)
                                (no ring)

@: confused, very quick
A: hooves 3, deformed body, speed 2, tough skin 3
a: Renounce Religion


You were on level 4 of the Dungeon.
You worshipped Okawaru.
Okawaru was noncommittal.
You were hungry.

You visited 1 branch of the dungeon, and saw 4 of its levels.

You collected 140 gold pieces.

Inventory:

Hand Weapons
 a - a +0 long sword (weapon)
Missiles
 h - 58 arrows
Armour
 c - a +0 shield (worn)
 n - a +0 chain mail (worn)
 p - a +0 helmet
Wands
 r - a wand of confusion (13/48)
Scrolls
 j - a scroll of teleportation {unknown}
 q - a scroll of fog {unknown}
 s - a scroll of remove curse
Potions
 d - a potion of might
 e - a potion of ambrosia
 i - 2 potions of invisibility {unknown}
 k - 2 potions of cure mutation {unknown}
 l - a potion of flight {unknown}
 m - a potion of haste {unknown}
 o - a potion of degeneration {unknown}
Comestibles
 b - 3 chunks of flesh {@w0}
 f - 2 bread rations {@e1}
 g - a meat ration {@e2}


   Skills:
 * Level 5.5 Fighting
 - Level 1.7 Long Blades
 - Level 2.1 Armour
 - Level 2.1 Shields
 + Level 0.0 Invocations


You had 3 spell levels left.
You didn't know any spells.

Dungeon Overview and Level Annotations

Branches:
Dungeon (4/15)
 Temple: D:4-7

Altars:
Fedhas
Okawaru
Yredelemnul

Annotations:
D:4 Sigmund


Innate Abilities, Weirdness & Mutations

You have hooves in place of feet.
Armour fits poorly on your strangely shaped body.
You cover ground very quickly.
You have extremely tough skin. (AC +3)


Message History

Something hits you but does no damage.
You closely miss something. Your kick misses something. Something hits you.
* * * LOW HITPOINT WARNING * * *
You take 4 damage, and have 13/42 hp.
You miss something. Your kick misses something.
You hear some strange, mumbled words.
A magic dart appears from out of thin air!
The magic dart hits you!
* * * LOW HITPOINT WARNING * * *
You take 3 damage, and have 10/42 hp.
You closely miss something. Your kick misses something.
Sigmund appears from thin air!
Reactivating autopickup.
Sigmund casts a spell at you.
You are confused.
You bump into the rock wall.
Sigmund hits you with a scythe!
* * * LOW HITPOINT WARNING * * *
You take 9 damage, and have 1/42 hp.
MASSIVE DAMAGE!!
Sigmund hits you with a scythe!
You die...

·▒▒▒▒··············
········▒▒▒··▒▒▒·▒
▒▒▒▒▒·▒▒▒ ▒··▒ ▒·▒ ▒·▒ ▒··▒
▒·▒ ▒·▒ ▒▒▒··▒ ▒·· ▒·▒
▒····▒ ▒·▒ ▒▒▒▒▒·▒▒▒·▒··▒
▒·▒▒▒▒▒ ···(···▒▒·▒▒·▒
▒·▒···▒▒
▒▒▒▒▒·)▒·▒·▒·▒▒▒@·▒▒▒·▒▒▒▒·
▒···▒▒▒····@·<▒········
▒▒·▒·▒·····▒··▒<▒·▒
▒···>·<··········▒
▒··▒▒▒·····▒·▒▒▒▒▒ ▒··▒
▒▒···▒▒·▒ ▒··▒ ▒▒▒▒▒▒·▒
▒··▒ ▒·▒ ▒·· ▒··


You could see Sigmund.

Vanquished Creatures
  Natasha (twice) (D:3)
  2 adders (D:2)
  2 dart slugs (D:1)
  A worm (D:2)
  4 giant cockroaches
  4 goblins
  8 hobgoblins
  3 kobolds
  A quokka (D:3)
  9 bats
  2 frilled lizards (D:2)
  8 rats
46 creatures vanquished.

Notes
Turn   | Place    | Note
-------+----------+-------------------------------------------
     0 | D:1      | Azzok the Centaur Fighter began the quest for the Orb.
     0 | D:1      | Reached XP level 1. HP: 19/19 MP: 1/1
   271 | D:1      | Reached XP level 2. HP: 6/26 MP: 2/2
   924 | D:2      | Reached skill level 4 in Fighting
   924 | D:2      | Reached XP level 3. HP: 29/33 MP: 3/3
  1002 | D:2      | Found a blossoming altar of Fedhas.
  1093 | D:2      | Found a basalt altar of Yredelemnul.
  1878 | D:3      | Noticed Natasha
  1900 | D:3      | Killed Natasha
  1900 | D:3      | Reached skill level 5 in Fighting
  1900 | D:3      | Reached XP level 4. HP: 38/42 MP: 4/4
  1996 | D:3      | Noticed Natasha
  2015 | D:3      | Killed Natasha
  2315 | D:3      | Found an iron altar of Okawaru.
  2337 | D:3      | Became a worshipper of Warmaster Okawaru
  2601 | D:4      | Noticed Sigmund
  2671 | D:4      | HP: 1/42 [Sigmund/scythe (9)]
  2673 | D:4      | Mangled by Sigmund

Skill      XL: |  1  2  3 |
---------------+----------+-----
Fighting       | 4 5 |  5.5
Long Blades    | |  1.7
Armour         | |  2.1
Shields        | |  2.1

Action                   |  1- 3 |  4- 6 || total
-------------------------+-------+-------++-------
Melee: Long sword        |   149 |    52 ||   201
       Kick              |    29 |    14 ||    43
  Use: Scroll            |     3 |     1 ||     4
  Eat: Chunk             |     2 |     2 ||     4
Armor: Scale mail        |    68 |       ||    68
       Chain mail        |    17 |    24 ||    41
Dodge: Dodged            |    45 |     5 ||    50
Block: Shield            |    83 |    16 ||    99
       Rpst.: Long sword |    13 |     3 ||    16
